 Dungeon Crawl Stone Soup version 0.30-a0-862-g1aabd4f9c5 (webtiles) character file.

Game seed: 13802575760364590180

1411 BigDaddyOpFi the Covered (level 8, -8/73 HPs)
             Began as an Armataur Fighter on Mar 8, 2023.
             Engulfed by a steam dragon's steam (14 damage)
             ... on level 6 of the Dungeon.
             The game lasted 00:05:26 (5892 turns).

BigDaddyOpFi the Covered (Armataur Fighter)         Turns: 5892, Time: 00:05:26

Health: -8/73      AC: 14    Str: 25    XL:     8   Next: 43%
Magic:  17/17      EV:  5    Int:  8    God:
Gold:   151        SH:  5    Dex:  9    Spells: 7/7 levels left

rFire   . . .      SeeInvis .    a - +0 long sword (flame)
rCold   . . .      Faith    .    c - +0 buckler
rNeg    . . .      Spirit   .    h - +1 plate armour
rPois   .          Reflect  .    (no helmet)
rElec   .          Roll     +    i - +0 cloak
rCorr   .                        k - +0 pair of gloves
Will    .....                    (no barding) Stlth
                                 n - amulet of magic regeneration
HPRegen 0.32/turn                o - ring of magical power
MPRegen 0.55/turn                (no ring)

@: no status effects
A: large, rugged brown scales 3, deformed body, armoured tail, roll, long
tongue, awkward tongue
a: no special abilities


You were on level 6 of the Dungeon.
You visited 1 branch of the dungeon, and saw 6 of its levels.

You collected 151 gold pieces.

Inventory:

Hand Weapons
 a - a +0 long sword of flaming (weapon)
Armour
 c - a +0 buckler (worn)
 h - a +1 plate armour (worn)
 i - a +0 cloak (worn)
 k - a +0 pair of gloves (worn)
Jewellery
 n - an amulet of magic regeneration (around neck)
 o - a ring of magical power (left hand)
Wands
 b - a wand of charming (7)
 d - a wand of flame (21)
Scrolls
 f - 2 scrolls of amnesia
 g - 2 scrolls of fog
Potions
 l - a potion of haste


   Skills:
 + Level 5.4 Fighting
 + Level 5.0 Long Blades
 + Level 7.2 Armour
 + Level 6.5 Shields


You had 7 spell levels left.
You didn't know any spells.
Your spell library contained the following spells:

 Spells                   Type           Power      Damage    Failure   Level
 Necrotise                Necr           0%         1d4       100%        1
 Shock                    Conj/Air       0%         1d3       100%        1
 Swiftness                Air            0%         N/A       100%        3
 Vampiric Draining        Necr           0%         2d6       100%        3
 Airstrike                Air            0%         2d(0-16)  100%        4
 Agony                    Necr           0%         N/A       100%        5


Dungeon Overview and Level Annotations

Branches:
Dungeon (6/15)
 Temple: D:4-7

Altars:

Annotations:
D:4 1 transporter, Datul's ghost, amateur DsWr


Innate Abilities, Weirdness & Mutations

You are completely covered in rugged brown scales. (AC +3, +7% HP)
Armour fits poorly on your strangely shaped body.
You have a long armoured tail.
You roll when moving toward enemies. (Rampage)
Your long tongue fully drains potion bottles. (2x potion effects)
Your tongue gives you trouble enunciating. (1.5x scroll delay)


Message History

You hit the steam dragon but do no damage.
The steam dragon is moderately wounded.
You are engulfed in a cloud of scalding steam.
The bullfrog barely misses you. You block the steam dragon's attack.
The steam dragon claws you but does no damage.
The jelly hits you.
You are splashed with acid!
The bullfrog barely misses you. The jelly barely misses you.
The steam dragon bites you but does no damage.
The steam dragon claws you but does no damage.
You closely miss the steam dragon.
The steam dragon is moderately wounded.
You are engulfed in a cloud of scalding steam.
The bullfrog barely misses you. The jelly barely misses you.
The steam dragon bites you.
The steam dragon claws you but does no damage.
You hit the steam dragon. You burn the steam dragon.
The steam dragon is moderately wounded.
You are engulfed in a cloud of scalding steam.
* * * LOW HITPOINT WARNING * * *
The bullfrog hits you but does no damage.
You block the bullfrog's attack. The jelly hits you but does no damage.
The steam dragon breathes steam at you. The ball of steam hits you!
* * * LOW HITPOINT WARNING * * *
Okay, then.
You slurp down every last drop of the sapphire potion!
It was a potion of cancellation.
You feel magically purged.
You are engulfed in a cloud of scalding steam.
The bullfrog hits you but does no damage.
The jelly hits you but does no damage.
The steam dragon bites you but does no damage.
The steam dragon claws you but does no damage.
The bullfrog hits you.
* * * LOW HITPOINT WARNING * * *
Okay, then.
As you slowly read the scroll of fear, it crumbles to dust.
You assume a fearsome visage.
The steam dragon looks frightened!
The bullfrog looks frightened!
The jelly looks frightened!
You are engulfed in a cloud of scalding steam.
You die...

#>..##)...#..#
#............#
##............##
#......<........
#.##...........#.
# #........##...
#............
#.....D..##..
#....J@F.# .
#.....ยง..#
...###..#### ...
##.. .. ##. .. #.
.#


You could see a steam dragon (fleeing, catching breath), a bullfrog (fleeing)
and a jelly (fleeing).

Vanquished Creatures
  A water moccasin (D:5)
  2 black bears
  2 sky beasts (D:5)
  2 phantoms
  A scorpion (D:3)
  5 jellies (D:5)
  A howler monkey (D:5)
  3 hounds (D:5)
  An orc priest (D:5)
  2 sleepcaps
  An iguana (D:4)
  3 orc wizards
  11 adders
  An ufetubus (D:4)
  3 worms
  5 dart slugs
  13 orcs
  5 endoplasms
  2 giant cockroaches
  10 goblins
  6 hobgoblins
  3 kobolds
  4 quokkas
  5 ball pythons
  5 bats
  A frilled lizard (D:1)
  6 rats
104 creatures vanquished.

Notes
Turn   | Place    | Note
-------+----------+-------------------------------------------
     0 | D:1      | BigDaddyOpFi the Armataur Fighter began the quest for the
                  | Orb.
     0 | D:1      | Reached XP level 1. HP: 19/19 MP: 1/1
   187 | D:1      | Reached XP level 2. HP: 26/26 MP: 2/2
   757 | D:2      | Reached skill level 4 in Armour
   972 | D:2      | Reached XP level 3. HP: 33/33 MP: 3/3
  1027 | D:2      | Found a faded altar of an unknown god.
  1735 | D:2      | Reached XP level 4. HP: 36/40 MP: 4/4
  3233 | D:4      | Noticed a scorpion
  3244 | D:3      | Killed a scorpion
  3245 | D:3      | Reached XP level 5. HP: 39/48 MP: 5/5
  3262 | D:4      | Noticed a phantom
  3265 | D:4      | Killed a phantom
  3266 | D:4      | Reached skill level 5 in Armour
  3277 | D:4      | Found a transporter.
  3278 | D:4      | Found a transporter.
  3278 | D:4      | Noticed Datul's ghost (amateur DsWr)
  3284 | D:4      | Reached XP level 6. HP: 51/55 MP: 6/6
  3702 | D:4      | Identified the +1 robe of Lust {Drain +Blink rN+}
  3866 | D:4      | Reached skill level 5 in Shields
  4075 | D:5      | Entered Level 5 of the Dungeon
  4091 | D:5      | Reached XP level 7. HP: 64/64 MP: 7/7
  4229 | D:5      | Reached skill level 6 in Armour
  4518 | D:5      | Reached skill level 5 in Fighting
  4591 | D:5      | Reached XP level 8. HP: 52/72 MP: 8/8
  5512 | D:5      | Reached skill level 7 in Armour
  5673 | D:5      | Reached skill level 5 in Long Blades
  5892 | D:6      | Engulfed by a steam dragon's steam

Illustrated notes

Levels and vault maps discovered:
D:1:      nzn_arrival_crosshair, layout_basic, grunt_decor_arrowhead
D:2:      layout_basic, shapermc_ecumenical_altar_totnotflames,
          minmay_misc_feat_chi, minmay_3d_cube
D:3:      cheibrodos_greedy_goblins, layout_basic, minmay_misc_feat_five
D:4:      layout_rooms, gammafunk_ghost_arena, serial_bayou_pond_a
D:5:      nicolae_cairo_tiling_large, layout_loops_ring
D:6:      layout_rooms, mainiacjoe_overflow_24_doors, minmay_temple_entry_glass,
          serial_shops, shop, chequers_serial_rivers_large_a,
          minmay_misc_feat_rugged, uniq_sigmund

Skill      XL: |  1  2  3  4  5  6  7  8 |
---------------+-------------------------+-----
Long Blades    | 2 3 4 5 |  5.0
Fighting       | 3 4 5 |  5.4
Armour         | 4 5 6 7 |  7.2
Shields        | 4 5 6 |  6.5

Action                     |  1- 3 |  4- 6 |  7- 9 || total
---------------------------+-------+-------+-------++-------
  Melee: Long sword        |   110 |   143 |   164 ||   417
         Tailslap          |    16 |    14 |    21 ||    51
    Use: Potion            |     3 |     5 |     4 ||    12
         Scroll            |     4 |     8 |     3 ||    15
 Armour: Scale mail        |    21 |       |       ||    21
         Plate armour      |    40 |   139 |   163 ||   342
  Dodge: Dodged            |    20 |    49 |    45 ||   114
  Block: Buckler           |    21 |    39 |    42 ||   102

Table legend: (Time is in decaauts)
 A = Elapsed time spent in this place.
 B = Non-inter-level travel time spent in this place.
 C = Inter-level travel time spent in this place.
 D = Time resting spent in this place.
 E = Time spent auto-exploring this place.
 F = Levels seen in this place.
 G = Mean time per level.
                   A        B        C        D        E       F      G
               +--------+--------+--------+--------+--------+-----+--------+
         Total |   5988 |   5834 |    154 |    822 |   4028 |   6 |  998.0 |
       Dungeon |   5988 |   5834 |    154 |    822 |   4028 |   6 |  998.0 |
               +--------+--------+--------+--------+--------+-----+--------+

Top non-repeatable levels by time:
     D:5: 1806 daAuts
     D:3: 1384 daAuts
     D:2: 1168 daAuts
     D:4: 853 daAuts
     D:1: 728 daAuts
     D:6: 47 daAuts
